 Dungeon Crawl Stone Soup version 0.23.1-44-gbd83930989 (webtiles) character file.

Game seed: 5595776208118117254

5 Norn the Ruffian (level 1, -1/16 HPs)
             Began as a Draconian Transmuter on Mar 31, 2019.
             Slain by a leopard gecko (3 damage)
             ... on level 1 of the Dungeon.
             The game lasted 00:01:00 (115 turns).

Norn the Ruffian (Draconian Transmuter)              Turns: 115, Time: 00:01:00

Health: -1/16      AC:  4    Str: 12    XL:     1   Next: 66%
Magic:  2/3        EV: 12    Int: 13    God:
Gold:   5          SH:  0    Dex: 11    Spells: 3/4 levels left

rFire    . . .     SeeInvis .     - Unarmed
rCold    . . .     Gourm    .   (no shield)
rNeg     . . .     Faith    .   (armour unavailable)
rPois    .         Spirit   .   (helmet restricted)
rElec    .         Reflect  .   (no cloak)
rCorr    .         Harm     .   (no gloves)
MR       .....                  (no boots)
Stlth    +.........             (no amulet)
HPRegen  0.05/turn              (no ring)
MPRegen  0.08/turn              (no ring)

@: very slightly contaminated
A: unfitting armour, cold-blooded, AC +4
a: no special abilities


You were on level 1 of the Dungeon.
You were not hungry.

You visited 1 branch of the dungeon, and saw 1 of its levels.

You collected 5 gold pieces.

Inventory:

Missiles
 a - 12 arrows
 b - 44 stones (quivered)
 c - 18 sling bullets
Potions
 f - a potion of haste {unknown}
Comestibles
 d - a chunk of flesh
 e - a ration {!d}


   Skills:
 - Level 1.1 Fighting
 - Level 1.7 Dodging
 + Level 3.4 Unarmed Combat
 - Level 2.0 Spellcasting
 - Level 2.0 Transmutations


You had 3 spell levels left.
You knew the following spells:

 Your Spells              Type           Power        Failure   Level  Hunger
a - Beastly Appendage     Tmut           #.....       11%         1    ##.....

Your spell library contained the following spells:

 Spells                   Type           Power        Failure   Level  Hunger
 Sticks to Snakes         Tmut           #.......     17%         2    ###....
 Spider Form              Tmut/Pois      #.........   45%         3    ####...
 Ice Form                 Ice/Tmut       #.......     86%         4    #####..
 Blade Hands              Tmut           #.........   97%         5    ######.


Dungeon Overview and Level Annotations

Branches:
Dungeon (1/15)

Altars:


Innate Abilities, Weirdness & Mutations

Your plain brown scales are hard. (AC +4)
You cannot fit into any form of body armour.
You are cold-blooded and may be slowed by cold attacks.


Message History

The jackal misses you.
You barely miss the jackal. Your headbutt misses the jackal.
You tail-slap the jackal. The leopard gecko misses you.
The jackal closely misses you.
You hit the jackal. You headbutt the jackal.
You kill the jackal!
The leopard gecko closely misses you.
You barely miss the jackal. You headbutt the jackal. The jackal misses you.
The leopard gecko misses you. The frilled lizard bites you.
The leopard gecko barely misses you.
The jackal bites you but does no damage.
You hit the jackal.
You kill the jackal!
The leopard gecko closely misses you.
You hit the jackal.
Your tail-slap misses the jackal.
The jackal closely misses you. The frilled lizard closely misses you.
The leopard gecko bites you but does no damage.
You barely miss the jackal. Your headbutt misses the jackal.
The jackal closely misses you.
The frilled lizard bites you but does no damage.
The leopard gecko barely misses you. The jackal bites you.
You hit the jackal.
Your horns disappear.
The frilled lizard barely misses you. The jackal misses you.
The leopard gecko bites you but does no damage.
You closely miss the jackal.
Your tail-slap misses the jackal.
The jackal bites you but does no damage.
The frilled lizard misses you. The leopard gecko closely misses you.
You closely miss the jackal. The jackal closely misses you.
The frilled lizard bites you. The leopard gecko barely misses you.
The jackal bites you.
* * * LOW HITPOINT WARNING * * *
You miscast Beastly Appendage.
You are very lightly contaminated with residual magic.
Waves of light ripple over your body. The leopard gecko bites you.
* * * LOW HITPOINT WARNING * * *
The frilled lizard misses you. The jackal barely misses you.
You closely miss the jackal.
The leopard gecko bites you but does no damage.
The jackal bites you.
* * * LOW HITPOINT WARNING * * *
The frilled lizard misses you.
You hit the jackal.
You kill the jackal!
The leopard gecko closely misses you. The frilled lizard barely misses you.
You hit the leopard gecko. Your punch misses the leopard gecko.
The leopard gecko bites you.
* * * LOW HITPOINT WARNING * * *
You miss the leopard gecko. The leopard gecko bites you.
You die...

#.#. ....###########
..............#
#..........#.########
#.....>....#........+
### #........##.########
..## #........##.#......
...###........##........
....##........##@#......
#...###......###l#####.#
##..###......# #l!......
##..##.......# #.#####.#
#..###......## #.#
...##.......# #.#
..###......## #.#
####.......# #..
##........## ###


You could see a leopard gecko and a frilled lizard.

Vanquished Creatures
  A giant cockroach (D:1)
  3 jackals (D:1)
4 creatures vanquished.

Notes
Turn   | Place    | Note
-------+----------+-------------------------------------------
     0 | D:1      | Norn the Draconian Transmuter began the quest for the Orb.
     0 | D:1      | Reached XP level 1. HP: 16/16 MP: 3/3
   115 | D:1      | Slain by a leopard gecko

Action                   || total
-------------------------++-------
Melee: Unarmed           ||    28
       Headbutt          ||     3
       Tailslap          ||     3
 Cast: Beastly Appendage ||     2
Armor: Skin              ||    12
Dodge: Dodged            ||    37
